 Dungeon Sprint DCSS version 0.31-a0-1395-g7c67ea8c80 (webtiles) character file.

Game seed: 8720945803435484604

12300000 Groucho the Intangible (level 27, -25/228 HPs)
             Began as a Djinni Warper on Dec 25, 2023.
             Was the Champion of Makhleb.
             Killed from afar by a dread (30 damage)
             ... with damnation
             ... in the Dungeon (Sprint VIII: "Arena of Blood").
             The game lasted 00:04:37 (123 turns).

Groucho the Intangible (Djinni Warper)               Turns: 123, Time: 00:04:38

Health: -25/228    AC:  6    Str: 10    XL:     27
Gold:   0          EV: 30    Int: 23    God:    Makhleb [******] SH:  0 Dex: 19

rFire   + + .        i - +∞ Axe of Woe
rCold   x . .        (shield currently unavailable)
rNeg    . . .        b - +0 leather armour
rPois   ∞            (no helmet)
rElec   .            (no cloak)
rCorr   .            (no gloves)
SInv    +            (boots unavailable)
Will    ++...        (no amulet)
Stlth   ++++++++++   j - ring of see invisible
HPRegen 0.58/turn    (no ring)
MPRegen 0.00/turn

%: no teleportation, infuse magic (-26 HP)
@: flying, hasted and slowed
A: sickness immunity, fire resistance 2, cold vulnerability 1, float, innate
caster, HP casting, extra vitality 1
a: Renounce Religion, Minor Destruction, Lesser Servant of Makhleb, Major
Destruction, Greater Servant of Makhleb


You were in the Dungeon.
You worshipped Makhleb.
Makhleb was exalted by your worship.
You visited 1 branch

Inventory:

Hand Weapons
 a - a +0 hand axe
 i - the +∞ Axe of Woe (weapon)
   (You found it in the Dungeon)
Missiles
 d - 7 darts of dispersal
Armour
 b - a +0 leather armour (worn)
Jewellery
 j - a ring of see invisible (left hand)
Potions
 e - a potion of curing
 f - a potion of heal wounds
 h - a potion of berserk rage


   Skills:
 O Level 27 Fighting
 O Level 27 Short Blades
 O Level 27 Long Blades
 O Level 27 Axes
 O Level 27 Maces & Flails
 O Level 27 Polearms
 O Level 27 Staves
 O Level 27 Ranged Weapons
 O Level 27 Throwing
 O Level 27 Armour
 O Level 27 Dodging
 O Level 27 Stealth
 O Level 27 Shields
 O Level 27 Unarmed Combat
 O Level 27 Spellcasting
 O Level 27 Conjurations
 O Level 27 Hexes
   Level 0.0 Charms
 O Level 27 Summonings
 O Level 27 Necromancy
 O Level 27 Translocations
   Level 0.0 Transmutations
 O Level 27 Fire Magic
 O Level 27 Ice Magic
 O Level 27 Air Magic
 O Level 27 Earth Magic
 O Level 27 Alchemy
 O Level 27 Invocations
 O Level 27 Evocations
 O Level 27 Shapeshifting


You knew the following spells:

 Your Spells              Type           Power      Damage    Failure   Level
a - Blink                 Tloc           100%       N/A       0%          2
b - Lesser Beckoning      Tloc           100%       N/A       0%          2
c - Teleport Other        Tloc           100%       N/A       0%          3
d - Manifold Assault      Tloc           100%       N/A       0%          4
e - Vhi's Electric Charg  Tloc/Air       100%       N/A       0%          4
f - Freeze                Ice            100%       1d10      0%          1
g - Mercury Vapours       Alch/Air       100%       N/A       0%          2
h - Hailstorm             Conj/Ice       100%       3d16      0%          3
i - Petrify               Alch/Erth      100%       N/A       0%          4
j - Fireball              Conj/Fire      50%        3d20      0%          5
k - Yara's Violent Unrav  Hex/Alch       50%        3d19      0%          5
l - Bombard               Conj/Erth      50%        9d8       0%          6
m - Conjure Ball Lightni  Conj/Air       50%        3x3d17    0%          6
n - Enfeeble              Hex            50%        N/A       0%          7
o - Discord               Hex            50%        N/A       1%          8
p - Ozocubu's Refrigerat  Ice            50%        4d18      0%          7
q - Fire Storm            Conj/Fire      50%        8d13      1%          9
r - Death's Door          Necr           50%        N/A       1%          9
Your spell library was empty.

Dungeon Overview and Level Annotations

Branches:
Dungeon (1/1)

Altars:
Makhleb


Innate Abilities, Weirdness & Mutations

You are immune to sickness and miasma.
You are immune to poison.
Your flesh is very heat resistant. (rF++)
You are vulnerable to cold. (rC-)
You float through the air rather than walking.
You learn spells naturally, not from books.
Your magical power is your life essence.
You have superior vitality. (+4 MHP)


Message History

Flame seeps out of the large bag of meat.
The bag of meat convulses! x5; The meat berserker convulses!
Your body is wracked with pain!
* * * LOW HITPOINT WARNING * * *
A sculptor of flesh comes into view. It is wielding a +9 great sword.
The accursed points at you and mumbles some strange words.
Something smites you!
* * * LOW HITPOINT WARNING * * *
The dread is engulfed in blazing flames.
You hear a shout! x4
The bag of meat shouts!
You hit the bag of meat but do no damage.
You cleave the bag of meat in twain.
You kill the bag of meat!
Makhleb accepts your kill.
You feel better.
You hear a roar!
You hear a shout!
A bag of meat comes into view. It is wielding a +9 war axe.
The eight-headed meat hydra calls on the powers of darkness!
The eight-headed meat hydra convulses!
The bag of meat convulses!
The meat berserker convulses!
The bag of meat convulses! x2
The large bag of meat convulses!
Flame seeps out of the large bag of meat.
The bag of meat convulses! x2; Your body is wracked with pain!
* * * LOW HITPOINT WARNING * * *
The bag of meat convulses! x2
The meat beast is engulfed in blazing flames.
The accursed points at you and mumbles some strange words.
Something smites you!
* * * LOW HITPOINT WARNING * * *
You slash the large abomination!
You dissect the large abomination like a pig carcass.
You destroy the large abomination!
The large abomination disappears in a puff of smoke!
The meat berserker is engulfed in blazing flames.
The meat berserker rages.
The dread is engulfed in blazing flames.
The dread throws damnation at you.
The sphere of damnation explodes!
The damnation engulfs you!!
You die...

.. .o... #. zp.#
#.. ...# . .###..
.WO###...
......###o.......
....o._.........
#.....#......
.W..#_.<.@#.)Xo☼.
.)))#...)§#MooX..
.Wo.2._)oM.))§o.
...))M###ooOL§))O
.###D..)XO)###..)
)..#..§°2o)#.)...
.)).#..§))W)#.o.
......)§°°○.o)...O
.).).).).))....)#.


You could see 2 accurseds, 2 meat beasts, an eight-headed meat hydra, a
fleshlord, a sculptor of flesh, a large bag of meat (inner flame), a large
abomination (summoned), 3 dreads, 2 meat berserkers and 9 bags of meat.

Vanquished Creatures
  Sigmund (D)
  10 hell beasts (D)
  10 royal mummies (D)
  4 great orbs of eyes (D)
  3 wraiths (D)
  Harold (D)
  8 vampire knights (D)
  39 ogres (D)
  14 two-headed ogres (D)
  4 liches (D)
  4 hydras (D)
  2 phantoms (D)
  88 orcs (D)
  8 skeletal warriors (D)
  A sea snake (D)
197 creatures vanquished.

Notes
Turn   | Place    | Note
-------+----------+-------------------------------------------
     0 | D        | Found the +∞ Axe of Woe
     0 | D        | Groucho the Djinni Warper began the quest for the Orb.
     0 | D        | Groucho set off with the following spells memorised: Blink,
                  | Lesser Beckoning, Teleport Other, Manifold Assault, Vhi's
                  | Electric Charge.
     0 | D        | Reached XP level 1. HP: 18/18 MP: 0/0
     2 | D        | Noticed a bag of meat
     3 | D        | Noticed a bag of meat
     4 | D        | Became a worshipper of Makhleb the Destroyer
     4 | D        | Noticed a bag of meat
     5 | D        | Noticed a meat berserker
     6 | D        | Noticed a bag of meat
     6 | D        | Noticed a meat berserker
     7 | D        | Killed a bag of meat
     7 | D        | Noticed a meat berserker
     7 | D        | Noticed a bag of meat
     7 | D        | Noticed a bag of meat
     8 | D        | Reached XP level 2. HP: 23/23 MP: 0/0
     8 | D        | Reached XP level 3. HP: 28/28 MP: 0/0
     8 | D        | Learned a level 1 spell: Freeze
     8 | D        | Reached XP level 4. HP: 33/33 MP: 0/0
     8 | D        | Reached XP level 5. HP: 38/38 MP: 0/0
     8 | D        | Learned a level 2 spell: Mercury Vapours
     8 | D        | Reached XP level 6. HP: 43/43 MP: 0/0
     8 | D        | Reached XP level 7. HP: 49/49 MP: 0/0
     8 | D        | Learned a level 3 spell: Hailstorm
     8 | D        | Reached XP level 8. HP: 54/54 MP: 0/0
     8 | D        | Reached XP level 9. HP: 58/58 MP: 0/0
     8 | D        | Learned a level 4 spell: Petrify
     8 | D        | Reached XP level 10. HP: 64/64 MP: 0/0
     8 | D        | Reached XP level 11. HP: 68/68 MP: 0/0
     8 | D        | Learned a level 5 spell: Fireball
     8 | D        | Killed a bag of meat
     8 | D        | Reached * piety under Makhleb
     8 | D        | Noticed a meat berserker
     8 | D        | Noticed a bag of meat
     8 | D        | Noticed a bag of meat
     8 | D        | Noticed a meat berserker
     9 | D        | Reached XP level 12. HP: 40/74 MP: 0/0
     9 | D        | Killed a meat berserker
    10 | D        | Reached XP level 13. HP: 42/78 MP: 0/0
    10 | D        | Learned a level 5 spell: Yara's Violent Unravelling
    10 | D        | Killed a meat berserker
    10 | D        | Killed a bag of meat
    10 | D        | Reached ** piety under Makhleb
    10 | D        | Noticed a bag of meat
    10 | D        | Noticed a bag of meat
    10 | D        | Noticed a meat berserker
    11 | D        | Reached XP level 14. HP: 46/85 MP: 0/0
    11 | D        | Killed a bag of meat
    11 | D        | Noticed a bag of meat
    11 | D        | Noticed a bag of meat
    12 | D        | Reached XP level 15. HP: 49/89 MP: 0/0
    12 | D        | Learned a level 6 spell: Bombard
    12 | D        | Killed a meat berserker
    12 | D        | Reached *** piety under Makhleb
    12 | D        | Noticed a meat berserker
    13 | D        | Reached skill level 27 in Dodging
    13 | D        | Killed a meat berserker
    13 | D        | Reached **** piety under Makhleb
    13 | D        | Killed a meat berserker
    14 | D        | Reached XP level 16. HP: 94/94 MP: 0/0
    14 | D        | Reached XP level 17. HP: 99/99 MP: 0/0
    14 | D        | Learned a level 6 spell: Conjure Ball Lightning
    15 | D        | Killed a meat berserker
    16 | D        | Reached skill level 27 in Axes
    16 | D        | Killed a meat berserker
    16 | D        | Reached ***** piety under Makhleb
    17 | D        | Reached skill level 27 in Spellcasting
    17 | D        | Reached skill level 27 in Conjurations
    17 | D        | Reached skill level 27 in Hexes
    17 | D        | Reached skill level 27 in Summonings
    17 | D        | Reached skill level 27 in Necromancy
    17 | D        | Reached skill level 27 in Translocations
    17 | D        | Reached skill level 27 in Fire Magic
    17 | D        | Reached skill level 27 in Ice Magic
    17 | D        | Reached skill level 27 in Air Magic
    17 | D        | Reached skill level 27 in Earth Magic
    17 | D        | Reached skill level 27 in Alchemy
    17 | D        | Reached XP level 18. HP: 119/119 MP: 0/0
    18 | D        | Noticed a meat berserker
    19 | D        | Reached skill level 15 in Fighting
    19 | D        | Reached skill level 15 in Armour
    19 | D        | Noticed a large bag of meat
    19 | D        | Killed a meat berserker
    19 | D        | Reached ****** piety under Makhleb
    20 | D        | Reached XP level 19. HP: 157/157 MP: 0/0
    20 | D        | Learned a level 7 spell: Enfeeble
    20 | D        | Noticed a meat berserker
    21 | D        | Killed a large bag of meat
    22 | D        | Reached XP level 20. HP: 158/169 MP: 0/0
    25 | D        | Noticed a meat berserker
    25 | D        | Noticed a meat berserker
    26 | D        | Killed a meat berserker
    26 | D        | Noticed a large bag of meat
    27 | D        | Reached skill level 27 in Fighting
    27 | D        | Reached skill level 27 in Armour
    27 | D        | Reached skill level 27 in Stealth
    27 | D        | Reached XP level 21. HP: 187/187 MP: 0/0
    27 | D        | Learned a level 8 spell: Discord
    27 | D        | Noticed a large bag of meat
    27 | D        | Noticed a large bag of meat
    27 | D        | Noticed a large bag of meat
    28 | D        | Noticed an eight-headed meat hydra
    29 | D        | Noticed The Servant
    29 | D        | Killed a large bag of meat
    29 | D        | Noticed a large bag of meat
    31 | D        | Killed a nine-headed meat hydra
    31 | D        | Killed a large bag of meat
    32 | D        | Reached skill level 27 in Invocations
    32 | D        | Reached skill level 5 in Short Blades
    32 | D        | Reached skill level 5 in Long Blades
    32 | D        | Reached skill level 5 in Staves
    32 | D        | Reached skill level 5 in Throwing
    32 | D        | Reached skill level 5 in Shields
    32 | D        | Reached skill level 5 in Unarmed Combat
    32 | D        | Reached skill level 5 in Evocations
    32 | D        | Reached XP level 22. HP: 157/194 MP: 0/0
    32 | D        | Killed a meat berserker
    33 | D        | Reached skill level 5 in Maces & Flails
    33 | D        | Reached skill level 5 in Polearms
    33 | D        | Reached skill level 5 in Ranged Weapons
    33 | D        | Reached skill level 5 in Shapeshifting
    34 | D        | Killed a meat berserker
    35 | D        | Reached skill level 10 in Shields
    35 | D        | Reached skill level 10 in Unarmed Combat
    35 | D        | Reached skill level 10 in Evocations
    35 | D        | Reached XP level 23. HP: 196/201 MP: 0/0
    35 | D        | Learned a level 7 spell: Ozocubu's Refrigeration
    36 | D        | Reached skill level 10 in Short Blades
    36 | D        | Reached skill level 10 in Long Blades
    36 | D        | Reached skill level 10 in Staves
    36 | D        | Killed The Servant
    36 | D        | Killed a large bag of meat
    37 | D        | Noticed a destroyer
    38 | D        | Killed a large bag of meat
    39 | D        | Reached XP level 24. HP: 199/208 MP: 0/0
    42 | D        | Reached skill level 15 in Shields
    42 | D        | Reached skill level 15 in Unarmed Combat
    42 | D        | Reached skill level 15 in Evocations
    42 | D        | Noticed a destroyer
    42 | D        | Killed a destroyer
    43 | D        | Noticed a destroyer
    44 | D        | Reached skill level 15 in Short Blades
    44 | D        | Reached skill level 15 in Long Blades
    44 | D        | Reached skill level 15 in Staves
    45 | D        | Killed a destroyer
    46 | D        | Noticed an accursed
    46 | D        | Noticed a large bag of meat
    48 | D        | Reached skill level 15 in Maces & Flails
    48 | D        | Reached skill level 15 in Polearms
    48 | D        | Reached skill level 15 in Ranged Weapons
    48 | D        | Reached skill level 15 in Throwing
    48 | D        | Reached skill level 15 in Shapeshifting
    48 | D        | Reached XP level 25. HP: 214/214 MP: 0/0
    48 | D        | Learned a level 9 spell: Fire Storm
    51 | D        | Noticed a destroyer
    54 | D        | Killed a large bag of meat
    54 | D        | Noticed a tyrant
    55 | D        | Reached XP level 26. HP: 199/221 MP: 0/0
    55 | D        | Killed a destroyer
    59 | D        | Noticed The Captor
    60 | D        | Killed The Captor
    61 | D        | Reached XP level 27. HP: 207/228 MP: 0/0
    61 | D        | Learned a level 9 spell: Death's Door
    61 | D        | Noticed a dread
    61 | D        | Killed a destroyer
    62 | D        | Killed a tyrant
    63 | D        | Killed a dread
    65 | D        | Killed an accursed
    66 | D        | Noticed a destroyer
    70 | D        | Killed a destroyer
    71 | D        | Reached skill level 27 in Shields
    71 | D        | Reached skill level 27 in Unarmed Combat
    71 | D        | Reached skill level 27 in Evocations
    72 | D        | Noticed a dread
    72 | D        | Killed a dread
    73 | D        | Reached skill level 27 in Short Blades
    73 | D        | Reached skill level 27 in Long Blades
    73 | D        | Reached skill level 27 in Staves
    74 | D        | Noticed a meat beast
    75 | D        | Killed a meat beast
    76 | D        | Reached skill level 27 in Maces & Flails
    76 | D        | Reached skill level 27 in Polearms
    76 | D        | Reached skill level 27 in Ranged Weapons
    76 | D        | Reached skill level 27 in Throwing
    76 | D        | Reached skill level 27 in Shapeshifting
    77 | D        | Noticed a dread
    78 | D        | Noticed a tyrant
    79 | D        | Killed a tyrant
    79 | D        | Killed a dread
    83 | D        | Noticed a meat beast
    84 | D        | Noticed an accursed
    86 | D        | Killed an accursed
    86 | D        | Noticed a large bag of meat
    87 | D        | Killed a large bag of meat
    88 | D        | Noticed a meat beast
    88 | D        | Killed a meat beast
    90 | D        | Killed a large bag of meat
    91 | D        | Noticed a large bag of meat
    91 | D        | Noticed a meat beast
    92 | D        | Noticed an accursed
    92 | D        | Killed a meat beast
    92 | D        | Killed an accursed
    92 | D        | Noticed a large bag of meat
    92 | D        | Noticed an accursed
    92 | D        | Noticed an accursed
    93 | D        | Killed a meat beast
    93 | D        | Killed a large bag of meat
    93 | D        | Noticed a meat beast
    93 | D        | Noticed a meat beast
    94 | D        | Killed a large bag of meat
    94 | D        | Killed an accursed
    94 | D        | Noticed a large bag of meat
    95 | D        | Noticed an accursed
    95 | D        | Killed an accursed
    95 | D        | Noticed a meat beast
    95 | D        | Noticed a meat beast
    96 | D        | Noticed an accursed
    96 | D        | Killed an accursed
    96 | D        | Killed a meat beast
    96 | D        | Noticed an accursed
    96 | D        | Noticed a destroyer
    97 | D        | Noticed a destroyer
    97 | D        | Killed a meat beast
    97 | D        | Noticed a tyrant
    97 | D        | Noticed a meat beast
    98 | D        | Killed a meat beast
    99 | D        | Noticed an accursed
    99 | D        | Noticed a tyrant
    99 | D        | Killed a destroyer
    99 | D        | Killed a meat beast
    99 | D        | Noticed a meat beast
    99 | D        | Noticed an accursed
    99 | D        | Noticed a large bag of meat
   103 | D        | Noticed a large bag of meat
   104 | D        | Killed a meat beast
   104 | D        | Killed a meat beast
   104 | D        | Noticed an accursed
   104 | D        | Noticed an accursed
   105 | D        | Noticed a large bag of meat
   105 | D        | Killed a large bag of meat
   106 | D        | Killed an accursed
   106 | D        | Killed a large bag of meat
   107 | D        | Killed an accursed
   107 | D        | Noticed a tyrant
   108 | D        | Noticed a large bag of meat
   108 | D        | Noticed an accursed
   110 | D        | Killed a tyrant
   111 | D        | Killed a tyrant
   112 | D        | Noticed a destroyer
   113 | D        | Killed a destroyer
   113 | D        | Noticed an accursed
   114 | D        | Killed a large bag of meat
   114 | D        | Killed an accursed
   116 | D        | Killed an accursed
   116 | D        | Noticed a dread
   117 | D        | Killed a large bag of meat
   117 | D        | Noticed a meat beast
   118 | D        | Noticed a dread
   118 | D        | Killed a destroyer
   119 | D        | Noticed a meat beast
   119 | D        | HP: 8/228 [??? (5)]
   121 | D        | Noticed a dread
   121 | D        | Noticed a fleshlord
   121 | D        | HP: 3/228 [accursed/divine providence (10)]
   123 | D        | Killed from afar by a dread

Illustrated notes

Levels and vault maps discovered:
D:        meatsprint

Skill      XL: |  1  2  3  4  5  6  7  8  9 10 11 12 13 14 15 16 17 18 19 20 21 22 23 24 25 26 27 |
---------------+----------------------------------------------------------------------------------+-----
Axes           | 12 14 17 19 20 25 27 | 27.0
Dodging        | 16 18 21 24 25 27 | 27.0
Spellcasting   | 12 14 16 18 19 24 27 | 27.0
Conjurations   | 12 14 16 18 19 24 27 | 27.0
Hexes          | 12 14 16 18 19 24 27 | 27.0
Summonings     | 12 14 16 18 19 24 27 | 27.0
Necromancy     | 12 14 16 18 19 24 27 | 27.0
Translocations | 12 14 16 18 19 24 27 | 27.0
Fire Magic     | 12 14 16 18 19 24 27 | 27.0
Ice Magic      | 12 14 16 18 19 24 27 | 27.0
Air Magic      | 12 14 16 18 19 24 27 | 27.0
Earth Magic    | 12 14 16 18 19 24 27 | 27.0
Alchemy        | 12 14 16 18 19 24 27 | 27.0
Fighting       | 7 20 22 27 | 27.0
Armour         | 7 20 22 27 | 27.0
Stealth        | 6 18 20 27 | 27.0
Invocations    | 18 27 | 27.0
Short Blades   | 5 9 13 16 19 22 27 | 27.0
Long Blades    | 5 9 13 16 19 22 27 | 27.0
Maces & Flails | 4 8 12 15 17 21 27 | 27.0
Polearms       | 4 8 12 15 17 21 27 | 27.0
Staves         | 5 9 13 16 19 22 27 | 27.0
Ranged Weapons | 4 8 12 15 17 21 27 | 27.0
Throwing       | 5 8 12 15 17 21 27 | 27.0
Shields        | 5 10 14 18 20 24 27 | 27.0
Unarmed Combat | 5 10 14 18 20 24 27 | 27.0
Evocations     | 5 10 14 18 20 24 27 | 27.0
Shapeshifting  | 4 8 12 15 17 21 27 | 27.0

Action                     |  1- 3 |  4- 6 |  7- 9 | 10-12 | 13-15 | 16-18 | 19-21 | 22-24 | 25-27 || total
---------------------------+-------+-------+-------+-------+-------+-------+-------+-------+-------++-------
  Melee: Executioner's axe |     1 |       |       |     2 |     4 |    12 |    18 |    15 |   111 ||   163
   Cast: Manifold Assault  |       |       |       |       |       |     2 |     3 |     1 |    21 ||    27
    Use: Scroll            |       |       |       |       |       |       |       |     1 |     1 ||     2
         Potion            |       |       |       |       |       |       |       |       |     1 ||     1
   Stab: Distracted        |       |       |       |       |       |       |     1 |       |       ||     1
 Armour: Leather armour    |       |       |       |     1 |       |       |     5 |     7 |    30 ||    43
  Dodge: Dodged            |       |       |       |     1 |       |       |       |       |     3 ||     4

Table legend: (Time is in decaauts)
 A = Elapsed time spent in this place.
 B = Non-inter-level travel time spent in this place.
 C = Inter-level travel time spent in this place.
 D = Time resting spent in this place.
 E = Time spent auto-exploring this place.
 F = Levels seen in this place.
 G = Mean time per level.
                   A        B        C        D        E       F      G
               +--------+--------+--------+--------+--------+-----+--------+
         Total |     99 |     99 |      0 |      0 |      0 |   1 |   99.0 |
       Dungeon |     99 |     99 |      0 |      0 |      0 |   1 |   99.0 |
               +--------+--------+--------+--------+--------+-----+--------+

Top non-repeatable levels by time:
       D: 99 daAuts
